 Dungeon Sprint DCSS version 0.30-a0-802-gb92711bcdf (webtiles) character file.

Game seed: 6598524457871017956

4029 rocky1 the Geomancer (level 10, -6/50 HPs)
             Began as a Deep Elf Earth Elementalist on Feb 25, 2023.
             Was a High Priest of Sif Muna.
             Mangled by a komodo dragon (26 damage)
             ... in the Dungeon (Sprint VII: "The Pits").
             The game lasted 00:10:31 (1999 turns).

rocky1 the Geomancer (Deep Elf Earth Elementalist)  Turns: 1999, Time: 00:10:31

Health: -6/50      AC:  5    Str:  5    XL:     10   Next: 4%
Magic:  14/30      EV: 11    Int: 25    God:    Sif Muna [*****.]
Gold:   0          SH:  0    Dex: 15    Spells: 26/38 levels left

rFire   . . .      SeeInvis .    q - +0 lajatang
rCold   . . .      Faith    .    (shield currently unavailable)
rNeg    . . .      Spirit   .    i - +0 troll leather armour
rPois   .          Reflect  .    (no helmet)
rElec   .          Harm     .    p - +0 cloak
rCorr   .          Rampage  .    (no gloves)
Will    +....      NoTele   +    (no boots)
Stlth   ++                       (no amulet)
HPRegen 1.08/turn                (no ring)
MPRegen 0.22/turn                (no ring)

@: no status effects
A: no striking features
a: Renounce Religion, Channel Magic, Forget Spell, Divine Exegesis


You were in the Dungeon.
You worshipped Sif Muna.
Sif Muna was extremely pleased with you.
You visited 1 branch

Inventory:

Hand Weapons
 q - a +0 lajatang (weapon)
Armour
 a - a +0 robe
 i - a +0 troll leather armour (worn)
 k - a +3 ring mail
 p - a +0 cloak (worn)
Jewellery
 d - a +3 ring of protection
 n - a +3 ring of strength
Scrolls
 h - 5 scrolls of amnesia
Potions
 b - 5 potions of magic
 c - 7 potions of curing
 e - a potion of haste
 f - 3 potions of berserk rage
 g - 2 potions of invisibility
 j - 5 potions of heal wounds
 m - 2 potions of might
 o - a potion of brilliance


   Skills:
 - Level 2.4 Dodging
 - Level 2.4 Stealth
 + Level 14.7 Spellcasting
 + Level 11.0 Conjurations
 - Level 10.0 Transmutations
 + Level 14.7 Earth Magic
 + Level 9.7 Invocations


You had 26 spell levels left.
You knew the following spells:

 Your Spells              Type           Power      Damage    Failure   Level
a - Sandblast             Erth           100%       2d20      0%          1
b - Stone Arrow           Conj/Erth      100%       3d13      1%          3
c - Petrify               Tmut/Erth      69%        N/A       1%          4
d - Animate Armour        Summ/Erth      100%       N/A       2%          4

Your spell library contained the following spells:

 Spells                   Type           Power      Damage    Failure   Level
 Passwall                 Tmut/Erth      57%        N/A       1%          2
 Searing Ray              Conj           100%       2d8       1%          2
 Leda's Liquefaction      Hex/Erth       26%        N/A       2%          4
 Slow                     Hex            72%        N/A       4%          1
 Fulminant Prism          Conj/Hex       23%        3d12      5%          4
 Sticky Flame             Conj/Fire      46%        2d6       5%          4
 Ensorcelled Hibernation  Hex/Ice        36%        N/A       8%          2
 Lightning Bolt           Conj/Air       23%        1d38      14%         5
 Confusing Touch          Hex            18%        N/A       16%         3
 Summon Guardian Golem    Hex/Summ       18%        N/A       16%         3
 Tukima's Dance           Hex            18%        N/A       16%         3
 Yara's Violent Unravell  Hex/Tmut       21%        3d10      19%         5
 Orb of Destruction       Conj           32%        9d10      41%         7
 Silence                  Hex/Air        9%         N/A       80%         5
 Summon Mana Viper        Hex/Summ       18%        N/A       80%         5


Dungeon Overview and Level Annotations

Branches:
Dungeon (1/1)

Altars:
Ashenzari
Cheibriados
Dithmenos
Elyvilon
Fedhas
Gozag
Hepliaklqana
Kikubaaqudgha
Makhleb
Nemelex Xobeh
Okawaru
Qazlal
Ru
Sif Muna
Trog
Uskayaw
Vehumet
Wu Jian
Xom
Yredelemnul
Zin
The Shining One
Jiyva
Lugonu


Message History

Press: ? - help, Q - select action, (/) - cycle Shift-Dir - straight line, f/p - kobold demonologist
Aim: a kobold demonologist, wielding a +0 dagger and wearing a +0 robe (almost dead, ally target, 69% to hit)
The stone arrow hits the kobold demonologist!
You kill the kobold demonologist!
Sif Muna accepts your kill.
The white imp disappears in a puff of smoke!
Your animated troll leather armour disappears in a puff of smoke!
Your Conjurations skill increases to level 11!
You have reached level 10!
Okay, then.
The kobold attacks as you move away! The kobold hits you but does no damage.
The komodo dragon attacks as you move away!
The komodo dragon bites you!!
Ouch! That really hurt!
The komodo dragon attacks as you move away!
The komodo dragon bites you!
* * * LOW HITPOINT WARNING * * *
There is an open door here.
You feel less invigorated.
You feel much better. The kobold barely misses you.
Aiming: Stone Arrow (safe; 1% risk of failure)
Press: ? - help, Q - select action, (/) - cycle Shift-Dir - straight line, f - kobold
Aim: a kobold, wielding a +0 short sword (72% to hit)
The stone arrow hits the kobold!!
You kill the kobold!
Sif Muna accepts your kill.
Aiming: Stone Arrow (safe; 1% risk of failure)
Press: ? - help, Q - select action, (/) - cycle Shift-Dir - straight line, f - komodo dragon
Aim: a komodo dragon (84% to hit)
The stone arrow hits the komodo dragon!
The komodo dragon is moderately wounded.
The komodo dragon bites you!!
Aiming: Stone Arrow (safe; 1% risk of failure)
Press: ? - help, Q - select action, (/) - cycle Shift-Dir - straight line, f/p - komodo dragon
Aim: a komodo dragon (moderately wounded, 84% to hit)
The stone arrow hits the komodo dragon!
The komodo dragon is heavily wounded.
The komodo dragon bites you!!
Ouch! That really hurt!
You die...

####...<...##..#####...#
).##.......##..)...#...
)[##.......##..#...#..
####.......##..#...#†#####
.. ##########..#####§'...#
.############.......)#...+
÷#....#...[##.....§..# ..#
'#....#..[[###)###...# .#
)'....'...)##...@lK..# #
'#....#..))##....#..........
.#....#..))##....#..........
############################


You could see a komodo dragon and a kobold.

Vanquished Creatures
  A rust devil (D)
  A gargoyle (D)
  A smoke demon (D)
  A kobold demonologist (D)
  A rime drake (D)
  An unseen horror (D)
  An efreet (D)
  A tarantella (D)
  A troll (D)
  A jumping spider (D)
  A wyvern (D)
  A steam dragon (D)
  An acid dragon (D)
  A floating eye (D)
  An ice beast (D)
  3 wolves (D)
  A centaur (D)
  A bullfrog (D)
  A necrophage (D)
  2 scorpions (D)
  A crimson imp (D)
  2 orc priests (D)
  Terence (D)
  2 river rats (D)
  A white imp (D)
  An adder zombie (D)
  A worm (D)
  An orc (D)
  A bat skeleton (D)
  An endoplasm (D)
  5 jackals (D)
  A quokka (D)
  A ball python skeleton (D)
  3 kobolds (D)
  A rat (D)
46 creatures vanquished.

Vanquished Creatures (collateral kills)
  A kobold demonologist (D)
1 creature vanquished.

Grand Total: 47 creatures vanquished

Notes
Turn   | Place    | Note
-------+----------+-------------------------------------------
     0 | D        | rocky1 the Deep Elf Earth Elementalist began the quest for
                  | the Orb.
     0 | D        | Reached XP level 1. HP: 10/10 MP: 6/6
    30 | D        | Reached XP level 2. HP: 7/15 MP: 0/9
   335 | D        | Found a bloodstained altar of Trog.
   335 | D        | Found a shimmering blue altar of Sif Muna.
   335 | D        | Found a viscous altar of Jiyva.
   335 | D        | Found a hazy altar of Hepliaklqana.
   335 | D        | Found an opulent altar of Gozag.
   336 | D        | Found a glowing golden altar of the Shining One.
   336 | D        | Found a glowing silver altar of Zin.
   336 | D        | Found a basalt altar of Yredelemnul.
   336 | D        | Found a shimmering altar of Xom.
   336 | D        | Found an ornate altar of the Wu Jian Council.
   336 | D        | Found a sacrificial altar of Ru.
   336 | D        | Found a stormy altar of Qazlal.
   336 | D        | Found an iron altar of Okawaru.
   336 | D        | Found a sparkling altar of Nemelex Xobeh.
   336 | D        | Found a burning altar of Makhleb.
   336 | D        | Found a blossoming altar of Fedhas.
   336 | D        | Found a white marble altar of Elyvilon.
   336 | D        | Found a shadowy altar of Dithmenos.
   336 | D        | Found a snail-covered altar of Cheibriados.
   339 | D        | Found a corrupted altar of Lugonu.
   339 | D        | Found a radiant altar of Vehumet.
   340 | D        | Found an ancient bone altar of Kikubaaqudgha.
   340 | D        | Found a hide-covered altar of Uskayaw.
   340 | D        | Found a broken altar of Ashenzari.
   341 | D        | Became a worshipper of Sif Muna the Loreminder
   371 | D        | Noticed a scorpion
   379 | D        | Killed a scorpion
   380 | D        | Reached skill level 5 in Spellcasting
   380 | D        | Reached XP level 3. HP: 15/19 MP: 3/12
   380 | D        | Reached XP level 4. HP: 19/24 MP: 3/13
   565 | D        | Noticed a scorpion
   566 | D        | Reached * piety under Sif Muna
   568 | D        | Killed a scorpion
   569 | D        | Reached skill level 5 in Transmutations
   609 | D        | Reached ** piety under Sif Muna
   610 | D        | Reached XP level 5. HP: 27/28 MP: 11/16
   610 | D        | Noticed a floating eye
   615 | D        | Learned a level 3 spell: Stone Arrow
   615 | D        | Killed a floating eye
   706 | D        | Learned a level 4 spell: Petrify
   711 | D        | Noticed a wolf
   712 | D        | Noticed an ice beast
   713 | D        | Killed a wolf
   714 | D        | Reached skill level 10 in Earth Magic
   714 | D        | Reached XP level 6. HP: 32/32 MP: 13/19
   718 | D        | Reached *** piety under Sif Muna
   720 | D        | Killed an ice beast
   808 | D        | Noticed Terence
   809 | D        | Killed Terence
   810 | D        | Reached skill level 5 in Conjurations
   892 | D        | Reached **** piety under Sif Muna
   893 | D        | Reached skill level 1 in Invocations
   893 | D        | Reached XP level 7. HP: 36/36 MP: 15/22
   935 | D        | Reached skill level 10 in Spellcasting
  1013 | D        | Reached ***** piety under Sif Muna
  1108 | D        | Noticed a steam dragon
  1110 | D        | Received a gift from Sif Muna
  1115 | D        | HP: 1/36 [steam dragon (6)]
  1119 | D        | Killed a steam dragon
  1309 | D        | Killed an unseen horror
  1310 | D        | Reached XP level 8. HP: 29/41 MP: 15/25
  1365 | D        | Got Sif Muna's Atlas of the Sphinx {god gift}
  1418 | D        | Noticed a rust devil
  1419 | D        | Noticed a jumping spider
  1425 | D        | Killed a rust devil
  1426 | D        | Reached skill level 5 in Invocations
  1426 | D        | Killed a jumping spider
  1528 | D        | Noticed a death knight
  1528 | D        | Noticed a death yak
  1552 | D        | Reached skill level 10 in Transmutations
  1589 | D        | Noticed a tarantella
  1591 | D        | Killed a tarantella
  1594 | D        | Reached XP level 9. HP: 45/45 MP: 14/27
  1660 | D        | Noticed a troll
  1662 | D        | Killed a troll
  1664 | D        | Received a gift from Sif Muna
  1671 | D        | Got Sif Muna's Volume of Cooperative Malisons {god gift}
  1854 | D        | Learned a level 4 spell: Animate Armour
  1855 | D        | Noticed an efreet
  1855 | D        | Noticed a rime drake
  1855 | D        | Noticed a smoke demon
  1857 | D        | Killed an efreet
  1857 | D        | Received a gift from Sif Muna
  1860 | D        | Killed a rime drake
  1861 | D        | Reached skill level 10 in Conjurations
  1862 | D        | Killed a smoke demon
  1865 | D        | Got Sif Muna's Book of Maledictive Hurting {god gift}
  1975 | D        | Noticed a komodo dragon
  1975 | D        | Noticed a gargoyle
  1979 | D        | Noticed a kobold demonologist
  1981 | D        | Noticed a kobold demonologist
  1983 | D        | Killed a kobold demonologist
  1987 | D        | Killed a gargoyle
  1991 | D        | Killed a kobold demonologist
  1992 | D        | Reached XP level 10. HP: 44/50 MP: 4/30
  1999 | D        | Mangled by a komodo dragon

Illustrated notes

Levels and vault maps discovered:
D:        pitsprint [storerooms_1, entrance_room_1, metal_vault_8, armoury_1,
          mini_pit_1, grid_room_1, main_hall_1, silver_pit, the_coven_3,
          the_vestibule_1, steel_vault_3, golden_pit, hallway_of_sentries,
          crystal_vault_5, iron_vault_2, final_vault]

Skill      XL: |  1  2  3  4  5  6  7  8  9 |
---------------+----------------------------+-----
Spellcasting   | 4 5 7 8 9 11 12 14 | 14.7
Transmutations | 2 4 5 6 7 9 10 | 10.0
Earth Magic    | 4 7 8 10 11 12 13 14 | 14.7
Conjurations   | 3 5 7 8 11 | 11.0
Invocations    | 1 4 7 9 |  9.7
Dodging        | |  2.4
Stealth        | |  2.4

Action                     |  1- 3 |  4- 6 |  7- 9 | 10-12 || total
---------------------------+-------+-------+-------+-------++-------
  Melee: Lajatang          |       |       |     1 |       ||     1
   Cast: Sandblast         |    15 |    10 |     5 |       ||    30
         Stone Arrow       |       |    10 |    59 |     3 ||    72
         Animate Armour    |       |       |     1 |       ||     1
 Invoke: Channel Magic     |       |       |     1 |       ||     1
    Use: Scroll            |     1 |       |     1 |       ||     2
         Potion            |     1 |       |     7 |     1 ||     9
 Armour: Robe              |     4 |     1 |     2 |       ||     7
         Troll leather arm |       |       |     3 |     1 ||     4
  Dodge: Dodged            |     9 |     2 |    30 |     1 ||    42

Table legend: (Time is in decaauts)
 A = Elapsed time spent in this place.
 B = Non-inter-level travel time spent in this place.
 C = Inter-level travel time spent in this place.
 D = Time resting spent in this place.
 E = Time spent auto-exploring this place.
 F = Levels seen in this place.
 G = Mean time per level.
                   A        B        C        D        E       F      G
               +--------+--------+--------+--------+--------+-----+--------+
         Total |   2013 |   1983 |     30 |   1454 |      0 |   1 | 2013.0 |
       Dungeon |   2013 |   1983 |     30 |   1454 |      0 |   1 | 2013.0 |
               +--------+--------+--------+--------+--------+-----+--------+

Top non-repeatable levels by time:
       D: 2013 daAuts
